 Dungeon Crawl Stone Soup version 0.22.1-1-ga44c0e5 (webtiles) character file.

126 Zephyr the Cudgeler (level 4, -2/34 HPs)
             Began as a Demonspawn Gladiator on Oct 31, 2018.
             Killed from afar by an orc wizard (9 damage)
             ... with a puff of flame
             ... on level 3 of the Dungeon.
             The game lasted 00:15:45 (2539 turns).

Zephyr the Cudgeler (Demonspawn Gladiator)          Turns: 2539, Time: 00:15:45

Health: -2/34      AC:  9    Str: 14    XL:     4   Next: 84%
Magic:  4/4        EV: 12    Int:  9    God:
Gold:   144        SH:  0    Dex: 16    Spells: 3/3 levels left

rFire    . . .     SeeInvis .   a - +0 flail
rCold    . . .     Gourm    .   (no shield)
rNeg     . . .     Faith    .   l - +0 ring mail
rPois    .         Spirit   .   c - +0 helmet
rElec    .         Reflect  .   n - +0 cloak
rCorr    .         Harm     .   (no gloves)
MR       .....                  (no boots)
Stlth    +.........             (no amulet)
HPRegen  0.11/turn              (no ring)
MPRegen  0.09/turn              (no ring)

@: no status effects
A: icy blue scales 1, demonic guardian 1
a: no special abilities


You were on level 3 of the Dungeon.
You were not hungry.

You visited 1 branch of the dungeon, and saw 3 of its levels.

You collected 144 gold pieces.

Inventory:

Hand Weapons
 a - a +0 flail (weapon)
Missiles
 d - 3 throwing nets
 e - 62 stones (quivered)
 o - 14 poisoned needles
Armour
 c - a +0 helmet (worn)
 l - a +0 ring mail (worn)
 n - a +0 cloak (worn)
Wands
 s - a wand of disintegration (7)
Scrolls
 b - 4 scrolls of teleportation {unknown}
 g - 4 scrolls of identify {unknown}
 i - a scroll of magic mapping {unknown}
 j - 2 scrolls of noise {unknown}
 k - 3 scrolls of enchant weapon {unknown}
 m - 2 scrolls of remove curse {unknown}
 p - a scroll of enchant armour {unknown}
 q - a scroll of amnesia {unknown}
 t - a scroll of fog {unknown}
Potions
 h - 4 potions of curing {unknown}
Comestibles
 f - 5 rations
 r - 7 chunks of flesh


   Skills:
 + Level 2.5 Fighting
 + Level 4.2 Maces & Flails
 + Level 2.4 Throwing
 - Level 3.1 Dodging


You had 3 spell levels left.
You didn't know any spells.
Your spell library was empty.

Dungeon Overview and Level Annotations

Branches:
Dungeon (3/15)

Altars:
Dithmenos
Hepliaklqana
Kikubaaqudgha
Sif Muna
Wu Jian


Innate Abilities, Weirdness & Mutations

You are partially covered in icy blue scales. (AC +2)
A weak demonic guardian rushes to your aid.


Message History

Your shadow imp barely misses something.
You barely miss something. Something hits you but does no damage.
Your shadow imp closely misses something.
You hear some strange, mumbled words.
A magic dart appears from out of thin air!
The magic dart hits you!
* * * LOW HITPOINT WARNING * * *
You closely miss something. Something hits you.
* * * LOW HITPOINT WARNING * * *
Your shadow imp hits something.
Something hits you but does no damage.
You hit something. Something hits you but does no damage.
Your shadow imp hits something but does no damage.
Some of the chunks of flesh in your inventory have rotted away.
Your shadow imp hits something.
Something hits your shadow imp.
Your shadow imp disappears in a puff of smoke!
Something hits you but does no damage. x2
You hear some strange, mumbled words.
A puff of flame appears from out of thin air!
The puff of flame hits you!
You die...

#...##.##..... ......
#####..#.)....### #......
...##.##......... .>.....
...##)##....##..##.(.....
.......#....# #...)#
..รท.........####..##
...###...##........###
...# ###.######......#
...# #...####.@....#
...#####.............#
...##..).............#
...##...................
#####...........####....
#...........###.....
#...........<.5.....
#...###########.....
#...# ...


There were no monsters in sight!

Vanquished Creatures
  Crazy Yiuf (D:2)
  2 adders (D:2)
  An ooze (D:1)
  2 worms (D:2)
  5 dart slugs
  A leopard gecko (D:2)
  6 orcs (D:3)
  4 giant cockroaches
  7 goblins
  6 hobgoblins
  6 kobolds
  2 quokkas (D:2)
  7 bats
  2 frilled lizards
  5 rats
57 creatures vanquished.

Notes
Turn   | Place    | Note
-------+----------+-------------------------------------------
     0 | D:1      | Zephyr the Demonspawn Gladiator began the quest for the
                  | Orb.
     0 | D:1      | Reached XP level 1. HP: 16/16 MP: 1/1
   166 | D:1      | Reached skill level 3 in Maces & Flails
   166 | D:1      | Gained mutation: A weak demonic guardian rushes to your
                  | aid. [demonic ancestry]
   166 | D:1      | Reached XP level 2. HP: 13/22 MP: 2/2
   902 | D:2      | Gained mutation: You are partially covered in icy blue
                  | scales. (AC +2) [demonic ancestry]
   902 | D:2      | Reached XP level 3. HP: 27/27 MP: 3/3
  1150 | D:2      | Found an ancient bone altar of Kikubaaqudgha.
  1152 | D:2      | Found a deep blue altar of Sif Muna.
  1153 | D:2      | Found a shadowy altar of Dithmenos.
  1154 | D:2      | Found an ornate altar of the Wu Jian Council.
  1155 | D:2      | Found a hazy altar of Hepliaklqana.
  1812 | D:2      | Found a runed door.
  1816 | D:2      | Noticed Crazy Yiuf
  1822 | D:2      | Killed Crazy Yiuf
  1822 | D:2      | Reached skill level 4 in Maces & Flails
  1822 | D:2      | Reached XP level 4. HP: 34/34 MP: 4/4
  2539 | D:3      | Killed from afar by an orc wizard

Skill      XL: |  1  2  3 |
---------------+----------+-----
Maces & Flails | 3 4 |  4.2
Dodging        | 3 |  3.1
Throwing       | 2 |  2.4
Fighting       | |  2.5

Action                   |  1- 3 |  4- 6 || total
-------------------------+-------+-------++-------
Melee: Flail             |    98 |    72 ||   170
Throw: Stone             |    59 |    26 ||    85
       Throwing net      |     1 |     1 ||     2
  Eat: Chunk             |     3 |     2 ||     5
Armor: Leather armour    |    12 |       ||    12
       Ring mail         |    25 |    32 ||    57
Dodge: Dodged            |    68 |    44 ||   112
